 Dungeon Crawl Stone Soup version 0.19.1-1-g22dce08 (webtiles) character file.

1892 theAP the Basher (level 9, -13/57 HPs)
             Began as a Gargoyle Berserker on Jan 1, 2017.
             Was an Elder of Trog.
             Mangled by a hill giant
             ... wielding a cursed -1 giant spiked club
              (17 damage)
             ... on level 7 of the Dungeon.
             The game lasted 00:31:04 (5936 turns).

theAP the Basher (Gargoyle Berserker)               Turns: 5936, Time: 00:31:05

Health: -13/57     AC: 19    Str: 24    XL:     9   Next: 15%
Magic:  9/9        EV: 15    Int:  7    God:    Trog [****..]
Gold:   233        SH:  5    Dex: 15    Spells: 0 memorised, 8 levels left

rFire  . . .     SeeInvis .     h - +2 mace (protect)
rCold  + . .     Gourm    .     y - +1 scale mail
rNeg   + . .     Faith    .     l - +0 buckler
rPois  ∞         Spirit   .     (no helmet)
rElec  +         Reflect  .     D - +0 cloak
rCorr  .         Harm     .     q - +0 pair of gloves
MR     .....                    H - +1 pair of boots
Stlth  +.........               (no amulet)
                                (no ring)
                                k - +2 ring of protection

@: agile, exhausted, slowed, very slow
A: cold resistance 1, negative energy resistance 1, sense surroundings 1,
electricity resistance, unbreathing, petrification resistance, rot immunity, AC
+5
a: Berserk, Trog's Hand, Brothers in Arms, Burn Spellbooks, Renounce Religion


You were on level 7 of the Dungeon.
You worshipped Trog.
Trog was greatly pleased with you.
You were hungry.

You visited 1 branch of the dungeon, and saw 7 of its levels.
You also visited: Ossuary.

You collected 413 gold pieces.
You spent 180 gold pieces at shops.

Inventory:

Hand Weapons
 a - a +0 mace
 h - a +2 mace of protection (weapon)
 z - a +1 flail
Armour
 l - a +0 buckler (worn)
 q - a +0 pair of gloves (worn)
 u - a +0 scale mail
 v - a +0 cloak
 y - a +1 scale mail (worn)
 D - a +0 cloak (worn)
 H - a +1 pair of boots (worn)
Jewellery
 k - a +2 ring of protection (left hand)
Wands
 I - a wand of slowing (24/48)
Scrolls
 b - a scroll of amnesia
 d - 2 scrolls of fog
 i - 5 scrolls of teleportation
 o - a scroll of fear
 x - a scroll of identify
 A - a scroll of remove curse
 B - a scroll of blinking
 C - 3 scrolls of recharging
 F - a scroll of immolation
Potions
 e - a potion of mutation {unknown}
 f - a potion of invisibility {unknown}
 g - a potion of resistance {unknown}
 n - a potion of cancellation {unknown}
 r - a potion of degeneration {unknown}
 s - 3 potions of agility
 w - 2 potions of brilliance {unknown}
 E - a potion of flight {unknown}
 J - 2 potions of curing {unknown}
Comestibles
 c - 7 bread rations
 j - 4 fruits
 m - 4 meat rations
 p - a slice of pizza
 G - a chunk of flesh


   Skills:
 + Level 7.1 Fighting
 + Level 9.7 Maces & Flails
 + Level 3.2 Armour
 - Level 1.7 Dodging
 + Level 3.2 Shields


You had 8 spell levels left.
You didn't know any spells.

Dungeon Overview and Level Annotations

Branches:
Dungeon (7/15)
 Temple: D:4-7

Altars:
Cheibriados
Gozag
Kikubaaqudgha
Okawaru
Ru
Vehumet
Xom
Yredelemnul
The Shining One

Shops:
D:4 (


Innate Abilities, Weirdness & Mutations

You are resistant to torment.
Your stone body is resilient. (AC +5)
You are immune to poison.
You resist negative energy. (rN+)
You are resistant to electric shocks. (rElec)
You can survive without breathing.
You are immune to petrification.
You are immune to rotting.
Your flesh is cold resistant. (rC+)
You passively map a small area around you.


Message History

Your skin crawls.
You feel resistant to hostile enchantments.
You are feeling hungry.
The hill giant hits you but does no damage.
An orc wizard appears from thin air!
Reactivating autopickup.
The hill giant barely misses you.
The orc wizard mumbles some strange words.
The orc wizard flickers and vanishes!
Deactivating autopickup; reactivate with Ctrl-A.
The hill giant barely misses you.
You feel the effects of Trog's Hand fading.
The orc priest calls down the wrath of Beogh upon you.
Beogh smites you!
* * * LOW HITPOINT WARNING * * *
The hill giant barely misses you.
Your skin stops crawling.
You feel less resistant to hostile enchantments.
The hill giant hits you with a giant spiked club!
You die...

* ### * #.# **
###############.# ,
..##............########
,
#.##.##########.......(.
* *
#.#.....@C.o.o...######
* #####.#..###########.#
,, , #........# #.# , *
##.##.#.## #{# , ,*
#>##.#.# ##o#####
#.##.#.#* #.[....# ,
#.#..... #......#
#<#(...., #.!....# ,*
###...... #......#


You could see a hill giant, an orc priest and an orc.

Vanquished Creatures
  Grinder (D:5)
  A wyvern (D:6)
  Duvessa (D:6)
  An orc warrior (D:6)
  A black bear (D:6)
  A sky beast (D:5)
  An ogre (D:4)
  A phantom (D:5)
  A centaur (D:6)
  The ghost of esteth the Cudgeler, an amateur GrBe of Trog (D:3)
  An elf zombie (Ossuary)
  Dowan (D:6)
  A scorpion (D:6)
  2 crimson imps (D:5)
  A human zombie (Ossuary)
  3 orc priests
  A hound (D:6)
  2 orc wizards
  Jessica (D:3)
  3 worker ants
  2 big kobold zombies (Ossuary)
  2 mummies (Ossuary)
  A worker ant zombie (D:5)
  6 adders
  2 shadow imps
  An ooze (D:2)
  2 adder skeletons
  2 worms
  2 dart slugs (D:1)
  2 leopard geckos
  21 orcs
  8 giant cockroaches
  7 hobgoblins
  10 jackals
  A ball python (D:1)
  6 bats
  8 frilled lizards
  3 gnoll zombies (Ossuary)
  3 goblins
  3 goblin zombies (Ossuary)
  2 hobgoblin zombies (Ossuary)
  13 kobolds
  A leopard gecko skeleton (D:3)
  2 orc zombies (Ossuary)
  10 rats
146 creatures vanquished.

Notes
Turn   | Place    | Note
-------+----------+-------------------------------------------
     0 | D:1      | theAP the Gargoyle Berserker began the quest for the Orb.
     0 | D:1      | Reached XP level 1. HP: 14/14 MP: 1/1
   117 | D:1      | Reached XP level 2. HP: 9/20 MP: 2/2
   671 | D:1      | Reached XP level 3. HP: 19/24 MP: 3/3
   749 | D:1      | Reached ** piety under Trog
  1004 | D:2      | Reached skill level 4 in Maces & Flails
  1038 | D:2      | Reached XP level 4. HP: 27/29 MP: 4/4
  1703 | D:3      | Noticed esteth's ghost (amateur GrBe)
  1720 | D:3      | Killed esteth's ghost
  1720 | D:3      | Reached skill level 1 in Shields
  1720 | D:3      | Reached XP level 5. HP: 34/34 MP: 5/5
  1781 | D:3      | Noticed Jessica
  1797 | D:3      | Killed Jessica
  1797 | D:3      | Reached skill level 5 in Maces & Flails
  1933 | D:3      | Reached *** piety under Trog
  2015 | D:3      | Gained mutation: You passively map a small area around you. [potion of beneficial mutation]
  2016 | D:3      | Gained mutation: Your flesh is cold resistant. (rC+) [potion of beneficial mutation]
  2260 | D:3      | Found an ancient bone altar of Kikubaaqudgha.
  2327 | D:3      | Found an opulent altar of Gozag.
  2517 | D:3      | Reached XP level 6. HP: 40/40 MP: 6/6
  2580 | D:4      | Found a basalt altar of Yredelemnul.
  2586 | D:4      | Found a snail-covered altar of Cheibriados.
  2586 | D:4      | Found a radiant altar of Vehumet.
  2586 | D:4      | Found a shimmering altar of Xom.
  2879 | D:4      | Found Caduroerph's Antique Weapon Boutique.
  2979 | D:4      | Reached skill level 5 in Fighting
  3149 | D:4      | Reached skill level 6 in Maces & Flails
  3370 | D:4      | Found a sacrificial altar of Ru.
  3478 | D:5      | Entered Level 5 of the Dungeon
  3486 | D:5      | Noticed a phantom
  3553 | D:5      | Killed a phantom
  3553 | D:5      | Reached XP level 7. HP: 44/44 MP: 7/7
  3574 | D:5      | Found a sand-covered staircase.
  3596 | Ossuary  | Entered an ossuary
  3726 | Ossuary  | Reached skill level 7 in Maces & Flails
  3745 | Ossuary  | Reached **** piety under Trog
  3948 | D:4      | Bought a glowing mace for 180 gold pieces
  4317 | D:5      | Found a glowing golden altar of the Shining One.
  4396 | D:5      | Reached XP level 8. HP: 51/51 MP: 8/8
  4585 | D:5      | Noticed Grinder
  4603 | D:5      | Paralysed by Grinder for 3 turns
  4611 | D:5      | Paralysed by Grinder for 5 turns
  4634 | D:5      | Killed Grinder
  4634 | D:5      | Reached skill level 8 in Maces & Flails
  5109 | D:6      | Found an iron altar of Okawaru.
  5136 | D:6      | Noticed a wyvern
  5164 | D:6      | Killed a wyvern
  5164 | D:6      | Reached skill level 9 in Maces & Flails
  5706 | D:6      | Reached XP level 9. HP: 52/57 MP: 9/9
  5722 | D:6      | Noticed Dowan
  5723 | D:6      | Noticed Duvessa
  5733 | D:6      | Killed Duvessa
  5742 | D:6      | Killed Dowan
  5906 | D:7      | Noticed a hill giant
  5925 | D:7      | HP: 2/57 [hill giant/giant spiked club (31)]
  5936 | D:7      | Mangled by a hill giant

Skill      XL: |  1  2  3  4  5  6  7  8  9 |
---------------+----------------------------+-----
Maces & Flails | 4 5 6 7 9 |  9.7
Fighting       | 4 5 7 |  7.1
Shields        | 1 2 3 |  3.2
Armour         | 3 |  3.2
Dodging        | |  1.7

Action                   |  1- 3 |  4- 6 |  7- 9 || total
-------------------------+-------+-------+-------++-------
Melee: Mace              |   168 |   148 |   205 ||   521
       Flail             |       |    61 |    82 ||   143
Invok: Berserk           |     1 |     5 |     6 ||    12
       Burn Spellbooks   |       |     1 |       ||     1
       Trog's Hand       |       |       |     1 ||     1
  Use: Scroll            |       |    14 |     2 ||    16
       Potion            |       |     2 |     3 ||     5
  Eat: Chunk             |     1 |    13 |     7 ||    21
       Meat ration       |       |       |     1 ||     1
       Fruit             |       |       |     1 ||     1
Armor: Animal skin       |   115 |    19 |       ||   134
       Ring mail         |       |    30 |       ||    30
       Scale mail        |       |    30 |    75 ||   105
       Chain mail        |       |    18 |    61 ||    79
Dodge: Dodged            |   184 |    82 |   101 ||   367
Block: Buckler           |    11 |    19 |    33 ||    63
